Map: Dusk Towers

Players

Miszu

  • Race: Terran Terran
  • League: Grandmaster

Jason - Winner!

  • Race: Terran Terran
  • League: Master

VOD

Have the link to the VOD?

Description

Time

  • Played on: Feb. 23, 2016, 12:53 p.m.
  • Length: 10:25
Show
View Real Time Build Order
Export as new Build Order

Miszu Terran 

Build Orders: Bio Tank 

Get SALT Encoding   

  12  0:00  SCV  
  13  0:13  SCV  
  14  0:22  Supply Depot  
  14  0:25  SCV  
  15  0:44  SCV  
  15  0:45  Barracks  
  15  0:47  Refinery  
  16  0:56  SCV  
  17  1:08  SCV  
  18  1:20  SCV  
  19  1:32  Orbital Command  
  19  1:36  Barracks Reactor  
  19  1:40  Command Center  
  19  1:50  Supply Depot  
  19  1:58  SCV  
  19  2:10  SCV  
  19  2:13  Marine x2  
  22  2:19  Factory  
  22  2:23  Refinery, SCV  
  23  2:35  SCV  
  24  2:38  Marine x2  
  26  2:47  SCV  
  27  2:53  Orbital Command  
  27  2:59  SCV  
  27  3:04  Marine  
  29  3:11  SCV  
  29  3:14  Marine  
  29  3:15  Starport  
  29  3:16  Factory Tech Lab  
  29  3:18  SCV  
  29  3:22  Marine  
  29  3:23  SCV  
  31  3:30  SCV  
  31  3:33  Marine  
  33  3:35  SCV  
  33  3:36  Widow Mine  
  33  3:40  Marine  
  37  3:42  Supply Depot  
  37  3:43  SCV  
  37  3:47  SCV  
  39  3:53  Medivac  
  39  3:55  SCV  
  42  3:59  SCV  
  43  4:03  Marine x2  
  43  4:04  Supply Depot  
  43  4:05  Siege Tank  
  43  4:07  SCV  
  49  4:11  SCV  
  50  4:21  SCV  
  50  4:23  Command Center  
  51  4:26  Supply Depot  
  51  4:29  SCV  
  52  4:33  SCV  
  53  4:39  Barracks x2  
  53  4:41  SCV  
  54  4:45  SCV  
  54  4:48  Refinery  
  54  4:49  Refinery  
  54  4:52  Marine x2  
  57  4:53  Starport Reactor, SCV  
  57  4:58  SCV  
  59  5:05  SCV  
  60  5:10  SCV  
  57  5:16  Marine  
  57  5:20  Marine  
  55  5:21  SCV  
  55  5:25  Engineering Bay  
  55  5:26  Engineering Bay  
  56  5:29  SCV  
  56  5:30  Barracks Tech Lab  
  56  5:31  Barracks Tech Lab  
  56  5:34  Marine, SCV  
  56  5:35  Orbital Command  
  59  5:38  Marine  
  59  5:40  Medivac x2, Siege Tank  
  59  5:41  SCV  
  68  5:46  SCV  
  68  5:49  Stimpack  
  69  5:50  Combat Shields  
  69  5:53  Terran Infantry Armor Level 1  
  69  5:54  SCV  
  69  5:55  Terran Infantry Weapons Level 1  
  71  5:59  SCV  
  71  6:00  Supply Depot  
  71  6:01  SCV  
  73  6:04  Marine  
  73  6:06  SCV  
  73  6:10  Medivac  
  76  6:11  SCV  
  76  6:12  Siege Tank  
  76  6:14  SCV  
  76  6:18  SCV  
  82  6:22  Marine  
  82  6:23  Barracks x2, SCV  
  82  6:24  Marine x2  
  86  6:26  SCV  
  86  6:27  Supply Depot  
  86  6:30  Supply Depot, SCV  
  86  6:32  Marine  
  89  6:36  SCV  
  89  6:38  SCV  
  91  6:40  Marine, Armory  
  91  6:41  Marine  
  93  6:48  Sensor Tower, SCV  
  93  6:49  SCV  
  93  6:54  Supply Depot x2, Sensor Tower  
  96  6:55  SCV  
  96  6:57  Marine  
  96  6:58  Refinery  
  96  6:59  Marine  
  96  7:00  Refinery, Siege Tank  
  96  7:01  Medivac, SCV x2  
  102  7:07  Marine x2  
  106  7:12  Barracks Reactor  
  106  7:13  Barracks Reactor  
  106  7:15  Factory, Marine  
  106  7:18  Supply Depot  
  106  7:20  Supply Depot, Marine  
  108  7:24  Marine, Medivac  
  108  7:25  Marine  
  108  7:26  SCV x3  
  115  7:33  Marine  
  116  7:38  SCV  
  116  7:43  Marine  
  117  7:44  Marine x2  
  117  7:45  Siege Tank  
  117  7:48  Supply Depot x2  
  117  7:51  Marine  
  122  8:01  Marine  
  122  8:02  Marine x2  
  122  8:03  Marine x4  
  129  8:05  Factory Tech Lab  
  129  8:06  Medivac  
  129  8:09  Marine  
  132  8:17  Siege Tank  
  132  8:19  Marine x3  
  136  8:20  Marine  
  136  8:21  Marine x3  
  136  8:26  Marine  
  142  8:29  Siege Tank  
  142  8:33  Supply Depot x2  
  146  8:36  Supply Depot  
  146  8:37  Marine x3  
  146  8:38  Marine  
  146  8:39  Marine x3  
  153  8:44  Marine  
  154  8:49  Siege Tank  
  154  8:55  Marine x3  
  143  8:56  Marine x3  
  143  8:57  Marine  
  143  9:02  Marine  
  132  9:04  Siege Tank  
  132  9:06  Medivac x2  
  139  9:12  Marine  
  139  9:13  Marine x2  
  139  9:14  Marine x4  
  146  9:20  Marine  
  147  9:24  Siege Tank  
  147  9:30  Marine  
  147  9:31  Marine x2  
  151  9:32  Marine x4  
  151  9:36  Medivac, Siege Tank  
  151  9:38  Marine, Command Center  
  146  9:48  Marine  
  146  9:49  Marine x3  
  146  9:50  Marine x2  
  146  9:51  Marine  
  133  9:56  Marine  
  106  10:06  Marine x3  
Show
View Real Time Build Order
Export as new Build Order

Jason Terran - Winner!

Build Orders: Reaper Expand, Bio Tank 

Get SALT Encoding   

  12  0:00  SCV  
  13  0:13  SCV  
  14  0:17  Supply Depot  
  14  0:25  SCV  
  15  0:39  SCV  
  15  0:41  Barracks  
  16  0:44  Refinery  
  16  0:51  SCV  
  17  1:03  SCV  
  18  1:15  SCV  
  19  1:30  Reaper, Orbital Command  
  20  1:42  Command Center  
  20  1:53  Supply Depot  
  20  1:56  SCV  
  21  2:02  Reaper  
  22  2:11  SCV  
  23  2:16  Refinery  
  23  2:22  Factory  
  23  2:26  SCV  
  24  2:38  SCV  
  24  2:40  Barracks Reactor  
  25  2:50  SCV  
  25  2:51  Command Center  
  26  3:00  Orbital Command  
  26  3:09  Factory Tech Lab, SCV  
  27  3:17  Marine x2  
  28  3:21  SCV  
  28  3:28  Starport, SCV  
  28  3:34  SCV  
  30  3:35  Marine x2  
  30  3:40  Cyclone, SCV  
  36  3:46  SCV  
  37  3:53  SCV  
  38  3:58  Engineering Bay, SCV  
  38  4:00  Marine x2  
  41  4:04  Orbital Command  
  41  4:05  SCV  
  42  4:10  SCV  
  42  4:11  Viking  
  45  4:17  SCV  
  45  4:21  Siege Tank  
  45  4:22  SCV  
  50  4:24  Marine x2  
  50  4:29  SCV  
  53  4:31  Missile Turret  
  53  4:32  SCV  
  53  4:34  SCV  
  53  4:37  Missile Turret  
  55  4:41  SCV  
  55  4:42  Viking  
  55  4:44  SCV  
  59  4:45  Marine  
  59  4:46  Marine  
  59  4:49  Supply Depot  
  61  4:53  Supply Depot  
  61  4:58  Barracks  
  61  5:00  Barracks  
  61  5:05  Refinery  
  61  5:07  Refinery  
  61  5:10  SCV x3  
  62  5:18  Orbital Command  
  60  5:22  Marine, SCV  
  60  5:23  Medivac, Siege Tank, SCV  
  68  5:30  Supply Depot, Terran Infantry Weapons Level 1  
  68  5:31  Supply Depot  
  68  5:34  SCV  
  68  5:35  SCV  
  70  5:45  SCV  
  70  5:46  Barracks x2  
  70  5:47  SCV x2  
  73  5:50  Barracks Tech Lab x2  
  73  5:57  SCV  
  73  5:59  Marine x2, SCV  
  73  6:02  Starport Reactor  
  73  6:03  SCV  
  78  6:07  Supply Depot x2  
  78  6:09  SCV  
  78  6:10  Marine x2  
  78  6:11  Combat Shields  
  81  6:13  SCV  
  81  6:15  SCV  
  81  6:17  Marine, Stimpack  
  84  6:19  Marine  
  84  6:21  SCV  
  86  6:26  SCV  
  86  6:27  Siege Tank  
  86  6:28  Marine x2  
  86  6:29  SCV  
  94  6:33  SCV  
  94  6:34  Barracks Reactor x2, Marine  
  94  6:38  SCV  
  96  6:41  SCV  
  96  6:42  Refinery  
  96  6:43  Refinery  
  96  6:44  Factory  
  96  6:45  Medivac x2  
  96  6:46  SCV  
  102  6:49  Marine x2  
  102  6:50  Marine, SCV  
  102  6:52  Marine  
  102  6:53  SCV  
  108  6:55  Supply Depot  
  108  6:56  Supply Depot  
  108  6:58  Supply Depot  
  108  6:59  SCV  
  109  7:04  Engineering Bay  
  109  7:06  Armory  
  109  7:16  Marine x4, Siege Tank, SCV  
  109  7:17  Marine x4  
  109  7:19  Supply Depot  
  109  7:21  Supply Depot  
  121  7:29  Medivac, Factory Tech Lab  
  123  7:30  Medivac  
  123  7:34  Marine x4  
  123  7:35  Marine x3, Sensor Tower  
  132  7:43  Sensor Tower  
  132  7:45  Command Center  
  132  7:51  Marine  
  132  7:52  Marine x3  
  132  7:54  Siege Tank  
  139  8:01  Marine  
  139  8:02  Marine, Siege Tank  
  139  8:04  Marine x2  
  142  8:09  Marine  
  142  8:10  Marine x3  
  146  8:19  Marine x2  
  147  8:22  Marine x2  
  147  8:23  Medivac  
  149  8:36  Supply Depot x2  
  149  8:43  Supply Depot x2  
  149  8:46  Marine  
  149  8:49  Marine x3  
  149  8:50  Marine  
  149  8:51  Medivac  
  149  8:52  Siege Tank  
  149  8:53  Siege Tank  
  149  8:55  Marine  
  147  8:58  Marine x2  
  129  9:04  Marine  
  129  9:07  Marine x3  
  129  9:08  Marine  
  134  9:13  Marine  
  134  9:15  Marine  
  134  9:16  Marine  
  137  9:18  Barracks  
  137  9:21  Barracks  
  137  9:22  Marine  
  137  9:23  Sensor Tower  
  138  9:24  Marine, Siege Tank  
  138  9:25  Marine x2, Siege Tank  
  138  9:26  Marine  
  138  9:31  Marine  
  148  9:33  Marine x2  
  150  9:40  Marine, Planetary Fortress  
  150  9:42  Marine x2  
  150  9:44  Marine x2  
  155  9:48  Marine  
  142  9:54  Marine x2  
  142  9:58  Marine  
  139  10:00  Marine x2  
  139  10:02  Marine x2  
  139  10:06  Marine  
Tags
 
Add a new tag
Caveats
  • Supply blocks, unpowered buildings, or Contaminate may cause inaccurate times.
  • Supply counts are checked every 10 seconds.